 Dungeon Crawl Stone Soup version 0.25.1-2-g60ff931df9 (webtiles) character file.

Game seed: 7169244344770179014

1620 NekkiNekkiNekki the Cudgeler (level 8, -18/70 HPs)
             Began as a Hill Orc Fighter on Nov 5, 2020.
             Demolished by an ogre
             ... wielding a +0 giant spiked club
              (21 damage)
             ... on level 6 of the Dungeon.
             The game lasted 00:21:41 (3957 turns).

NekkiNekkiNekki the Cudgeler (Hill Orc Fighter)     Turns: 3957, Time: 00:21:42

Health: -18/70     AC: 11    Str: 21    XL:     8   Next: 96%
Magic:  8/8        EV:  6    Int:  8    God:
Gold:   216        SH: 10    Dex: 10    Spells: 7/7 levels left

rFire    . . .     SeeInvis .   i - +2 flail (drain)
rCold    . . .     Gourm    .   c - +0 kite shield
rNeg     . . .     Faith    .   C - +0 chain mail
rPois    .         Spirit   .   (no helmet)
rElec    .         Reflect  .   (no cloak)
rCorr    .         Harm     .   u - +0 pair of gloves
MR       .....                  (no boots)
Stlth    ..........             (no amulet)
HPRegen  0.21/turn              e - ring of stealth
MPRegen  0.11/turn              o - ring of flight

@: drained
A: no striking features
a: Evoke Flight


You were on level 6 of the Dungeon.
You were not hungry.

You visited 1 branch of the dungeon, and saw 6 of its levels.

You collected 216 gold pieces.

Inventory:

Hand Weapons
 a - a +0 war axe
 i - a +2 flail of draining (weapon)
 z - a +3 dagger of speed
Armour
 b - a +0 scale mail
 c - a +0 kite shield (worn)
 u - a +0 pair of gloves (worn)
 C - a +0 chain mail (worn)
Jewellery
 e - a ring of stealth (left hand)
 m - an uncursed ring of resist corrosion
 o - a ring of flight (right hand)
 y - an uncursed ring of resist corrosion
Wands
 r - a wand of polymorph (8)
 t - a wand of paralysis (3)
Scrolls
 g - 4 scrolls of remove curse
 h - a scroll of teleportation {unknown}
 k - a scroll of identify
 p - a scroll of fog {unknown}
 v - a scroll of enchant armour {unknown}
 w - a scroll of fear {unknown}
 x - a scroll of magic mapping {unknown}
Potions
 d - a potion of might
 j - 5 potions of curing {unknown}
 l - 2 potions of heal wounds {unknown}
 n - 2 potions of brilliance {unknown}
 q - 2 potions of cancellation {unknown}
 s - a potion of lignification {unknown}
 A - 2 potions of stabbing
 B - a potion of degeneration {unknown}
Comestibles
 f - 5 rations


   Skills:
 + Level 6.0(5.0) Fighting
 + Level 4.4(5.9) Axes
 + Level 6.9(6.3) Maces & Flails
 + Level 6.0(5.1) Armour
 + Level 2.1(1.3) Dodging
 + Level 0.6(0.0) Stealth
 + Level 6.1(5.1) Shields


You had 7 spell levels left.
You didn't know any spells.
Your spell library contained the following spells:

 Spells                   Type           Power        Failure   Level  Hunger
 Corona                   Hex            #......      100%        1    ##.....
 Ensorcelled Hibernation  Hex/Ice        #.....       100%        2    ###....
 Confusing Touch          Hex            #.......     100%        3    ####...
 Dazzling Flash           Conj/Hex       #.....       100%        3    ####...
 Gell's Gravitas          Tloc           #.........   100%        3    ####...
 Tukima's Dance           Hex            #.......     100%        3    ####...
 Petrify                  Tmut/Erth      #.......     100%        4    #####..
 Metabolic Englaciation   Hex/Ice        #.........   100%        5    ######.
 Yara's Violent Unravell  Hex/Tmut       #.........   100%        5    ######.


Dungeon Overview and Level Annotations

Branches:
Dungeon (6/15)
 Temple: D:4-7

Altars:
Hepliaklqana
Okawaru

Shops:
D:4 *


Message History

The ogre is lightly wounded.
The ogre completely misses you.
Your shield and chain mail prevent you from hitting the ogre.
The ogre is lightly wounded.
You sock the ogre!
The ogre is heavily wounded.
The ogre hits you with a +0 giant spiked club.
You sock the ogre! You drain the ogre.
The ogre is almost dead.
The ogre hits you with a +0 giant spiked club!
* * * LOW HITPOINT WARNING * * *
Your shield and chain mail prevent you from hitting the ogre.
The ogre is almost dead.
The ogre barely misses you.
The ogre hits you with a +0 giant spiked club!
* * * LOW HITPOINT WARNING * * *
You barely miss the ogre.
The ogre is almost dead.
The ogre hits you with a +0 giant spiked club!!
You die...

# .......## .. .#
#.......##.# ..##
#......:#.. ...##
#......#.# ....##
#........# .....###
#......#
.......###.<....###
[.......###.......###
.........###....@O..#
#.......<......##.....#
###........#####
###...# ##......## ###
# ##....## ### ##.)##
####### ..#####)#
##.....## ....###)#
#.......# ......).#
##.......#


You could see an ogre (drained).

Vanquished Creatures
  Pikel (D:4)
  Menkaure (D:6)
  Duvessa (D:6)
  2 centaurs
  Dowan (D:6)
  2 scorpions
  5 wights (D:6)
  A bullfrog zombie (D:5)
  2 bullfrog skeletons
  An iguana (D:5)
  Ijyb (D:4)
  A worker ant (D:4)
  A hound skeleton (D:4)
  8 adders
  A shadow imp (D:5)
  4 oozes
  2 adder skeletons (D:4)
  2 dart slugs
  8 leopard geckos
  16 orcs
  5 giant cockroaches
  9 goblins
  7 hobgoblins
  12 jackals
  4 quokkas
  2 ball pythons
  6 bats
  2 frilled lizards
  A giant cockroach zombie (D:5)
  A jackal skeleton (D:4)
  6 kobolds
  A leopard gecko skeleton (D:4)
  7 rats
124 creatures vanquished.

Vanquished Creatures (others)
  A slave (D:4)
  A worker ant (D:4)
  2 orcs (D:4)
  2 rats (D:4)
6 creatures vanquished.

Grand Total: 130 creatures vanquished

Notes
Turn   | Place    | Note
-------+----------+-------------------------------------------
     0 | D:1      | NekkiNekkiNekki the Hill Orc Fighter began the quest for
                  | the Orb.
     0 | D:1      | Reached XP level 1. HP: 19/19 MP: 1/1
    92 | D:1      | Reached XP level 2. HP: 18/27 MP: 2/2
    95 | D:1      | Found an iron altar of Okawaru.
   171 | D:1      | Reached XP level 3. HP: 10/33 MP: 3/3
   192 | D:1      | HP: 1/33 [kobold/stone (2)]
   834 | D:2      | Reached XP level 4. HP: 30/40 MP: 4/4
  1528 | D:3      | Noticed a centaur
  1540 | D:3      | Killed a centaur
  1540 | D:3      | Reached skill level 1 in Maces & Flails
  1540 | D:3      | Reached XP level 5. HP: 21/47 MP: 5/5
  2111 | D:4      | Reached XP level 6. HP: 53/53 MP: 6/6
  2220 | D:4      | Found a glowing drain.
  2220 | D:4      | Noticed Pikel
  2220 | D:4      | Noticed a slave
  2220 | D:4      | Noticed a slave
  2220 | D:4      | Noticed a slave
  2220 | D:4      | Noticed a slave
  2243 | D:4      | Killed Pikel
  2243 | D:4      | Reached skill level 5 in Fighting
  2243 | D:4      | Reached skill level 5 in Armour
  2243 | D:4      | Reached skill level 1 in Dodging
  2243 | D:4      | Reached XP level 7. HP: 48/61 MP: 7/7
  2330 | D:4      | Found Zyreaxt's Assorted Antiques.
  2426 | D:4      | Noticed Ijyb
  2432 | D:4      | Killed Ijyb
  2436 | D:4      | Reached skill level 5 in Maces & Flails
  2615 | D:4      | Reached XP level 8. HP: 68/68 MP: 8/8
  2705 | D:4      | Found a hazy altar of Hepliaklqana.
  2844 | D:5      | Entered Level 5 of the Dungeon
  2939 | D:5      | Reached skill level 5 in Shields
  3646 | D:6      | Noticed Menkaure
  3653 | D:6      | Killed Menkaure
  3746 | D:6      | Noticed Duvessa
  3746 | D:6      | Noticed Dowan
  3764 | D:6      | Killed Duvessa
  3774 | D:6      | Killed Dowan
  3956 | D:6      | HP: 2/70 [ogre/+0 giant spiked club (14)]
  3957 | D:6      | Demolished by an ogre

Illustrated notes

Levels and vault maps discovered:
D:1:      dpeg_arrival_connections, layout_rooms, okawaru_ov_weapons_minmay
D:2:      layout_basic, first_ration
D:3:      kennysheep_big_flooded_room, layout_basic
D:4:      layout_loops_ring, kennysheep_mini, cheibrodos_sewer_entry_drain,
          serial_shops, nicolae_shop_overgrown_old_shop,
          hangedman_abyss_or_decor_stabs, uniq_ijyb, uniq_pikel
D:5:      layout_cave_pods
D:6:      layout_cave_pods, enter_ossuary_2, minmay_misc_feat_five,
          uniq_duvessa, uniq_menkaure, uniq_maggie

Skill      XL: |  1  2  3  4  5  6  7  8 |
---------------+-------------------------+-----
Axes           | 3 4 |  4.4
Fighting       | 4 5 6 |  6.0
Armour         | 4 5 6 |  6.0
Maces & Flails | 1 4 5 6 |  6.9
Shields        | 4 6 |  6.1
Dodging        | 1 2 |  2.1
Stealth        | |  0.6

Action                   |  1- 3 |  4- 6 |  7- 9 || total
-------------------------+-------+-------+-------++-------
Melee: War axe           |    99 |     8 |       ||   107
       Flail             |       |   136 |   208 ||   344
  Use: Scroll            |     1 |     3 |       ||     4
       Potion            |     1 |     1 |       ||     2
  Eat: Chunk             |       |     5 |     2 ||     7
       Ration            |       |       |     1 ||     1
Armor: Scale mail        |    60 |    44 |    55 ||   159
       Chain mail        |       |       |    16 ||    16
Dodge: Dodged            |    38 |    40 |    58 ||   136
Block: Kite shield       |    58 |    70 |    84 ||   212
